 Dungeon Crawl Stone Soup version 0.29.1-2-gbd0b4ee654 (webtiles) character file.

Game seed: 14826972999041535950

356615 safid the Conqueror (level 21, -7/224 HPs)
             Began as a Minotaur Hunter on Nov 28, 2022.
             Was the Champion of Okawaru.
             Mangled by a rockslime (30 damage)
             ... created by the Royal Jelly
             ... in the Arena.
             The game lasted 02:02:28 (40506 turns).

safid the Conqueror (Minotaur Hunter)              Turns: 40506, Time: 02:02:30

Health: -7/224     AC: 15    Str: 16    XL:     21   Next: 40%
Magic:  10/29      EV: 32    Int:  6    God:    Okawaru [******]
Gold:   641        SH:  0    Dex: 36    Spells: 20/20 levels left

rFire   + . .      SeeInvis +   S - +4 triple crossbow of Wijesegh {speed, Drain rElec rCorr}
rCold   + + .      Faith    .   (shield currently unavailable)
rNeg    + + +      Spirit   .   l - +4 troll leather armour
rPois   +          Reflect  .   b - +2 hat
rElec   +          Harm     .   Q - +2 cloak
rCorr   +          Rampage  .   T - +2 pair of gloves {Dex+3}
Will    +....                   R - +1 pair of boots of Caeter {+Inv rC- rN+}
Stlth   +++.......              s - amulet "Gaynkam" {Acrobat rPois rF+ rN+}
HPRegen 2.07/turn               o - ring "Borykkob" {Dex+6 SInv}
MPRegen 0.21/turn               p - ring of Gurodotru {*Slow rC+++ rN+ rCorr Dex+4}

@: finesse-ful, marked, engulfed (cannot breathe), corroded, duelling, hasted,
studying Ranged Weapons, very quick
A: horns 2, retaliatory headbutt, regeneration 1, weak 1
}: 2/15 runes: barnacled, gossamer
a: Renounce Religion, Evoke Invisibility, Heroism, Finesse, Duel


You were in the Arena.
You worshipped Okawaru.
Okawaru was exalted by your worship.
You visited 8 branches of the dungeon, and saw 40 of its levels.
You visited 1 bazaar.
You also visited: Ossuary.

You collected 4650 gold pieces.
You spent 4009 gold pieces at shops.

Inventory:

Hand Weapons
 n - a +8 triple crossbow of venom
 S - the +4 triple crossbow of Wijesegh (weapon) {speed, Drain rElec rCorr}
   (Okawaru gifted it to you on level 5 of the Lair of Beasts)

   Attacks with this weapon are significantly faster.
   rElec:     It insulates you from electricity.
   rCorr:     It protects you from acid and corrosion.
   Drain:     It drains your maximum health when unequipped.
Missiles
 G - 13 throwing nets
 P - 2 curare-tipped darts
Armour
 b - a +2 hat (worn)
 l - a +4 troll leather armour (worn)
 t - +9 gold dragon scales
 E - the +2 pair of gloves of a Labyrinth {rC++}
   (You found it on level 4 of the Depths)

   rC:        It greatly protects you from cold.
 Q - a +2 cloak (worn)
 R - the +1 pair of boots of Caeter (worn) {+Inv rC- rN+}
   (Okawaru gifted it to you on level 5 of the Lair of Beasts)

   rC:        It makes you vulnerable to cold.
   rN:        It protects you from negative energy.
   +Inv:      It lets you turn invisible.
 T - a +2 pair of gloves of dexterity (worn)
Jewellery
 a - the dreamshard necklace {*Dream Drain}
   (You found it on level 5 of the Lair of Beasts)

   [amulet of nothing]

   It shatters if its wearer takes lethal or near-lethal damage, preventing the
   blow and releasing protective dreams that heal and fight for the wearer.
   Drain:     It drains your maximum health when unequipped.
 e - a ring of flight
 o - the ring "Borykkob" (left hand) {Dex+6 SInv}
   (You found it on level 4 of the Shoals)

   [ring of dexterity]

   Dex:       It affects your dexterity (+6).
   SInv:      It lets you see invisible.
 p - the ring of Gurodotru (right hand) {*Slow rC+++ rN+ rCorr Dex+4}
   (You bought it in a shop on level 11 of the Dungeon)

   [ring of positive energy]

   Dex:       It affects your dexterity (+4).
   rC:        It renders you almost immune to cold.
   rN:        It protects you from negative energy.
   rCorr:     It protects you from acid and corrosion.
   *Slow:     It may slow you when you take damage.
 s - the amulet "Gaynkam" (around neck) {Acrobat rPois rF+ rN+}
   (You took it off a merfolk impaler on level 4 of the Shoals)

   [amulet of the acrobat]

   It increases your evasion while moving and waiting.
   rF:        It protects you from fire.
   rPois:     It protects you from poison.
   rN:        It protects you from negative energy.
 v - an amulet of reflection
 D - an amulet of regeneration
 H - the amulet of Wonder {Spirit +Inv rN++ Stlth+}
   (You found it on level 1 of the Depths)

   [amulet of guardian spirit]

   It causes incoming damage to be divided between your reserves of health and
   magic.
   rN:        It greatly protects you from negative energy.
   +Inv:      It lets you turn invisible.
   Stlth:     It makes you more stealthy.
 U - a ring of protection from cold
 V - the amulet "Gaopiduz" {Rampage rF+ Regen+ Int-3}
   (You found it on level 3 of the Depths)

   [amulet of regeneration]

   Int:       It affects your intelligence (-3).
   rF:        It protects you from fire.
   Regen:     It increases your rate of health regeneration.
   Rampage:   It bestows one free step when moving towards enemies.
Wands
 m - a wand of roots (42)
 F - a wand of flame (47)
 J - a wand of acid (7)
 M - a wand of polymorph (9)
 O - a wand of mindburst (16)
Scrolls
 d - 11 scrolls of poison
 h - 4 scrolls of silence
 i - 11 scrolls of teleportation
 k - 6 scrolls of blinking
 x - 3 scrolls of fear
 y - 7 scrolls of fog
 K - 5 scrolls of magic mapping
Potions
 f - 8 potions of haste
 g - 9 potions of heal wounds
 j - 2 potions of lignification
 q - 5 potions of might
 r - 7 potions of cancellation
 u - 12 potions of ambrosia
 w - 6 potions of flight
 z - 9 potions of curing
 A - a potion of berserk rage
 B - 2 potions of resistance
 C - 5 potions of magic
 I - 2 potions of mutation
Miscellaneous
 N - a phial of floods


   Skills:
 O Level 27 Fighting
 O Level 27 Ranged Weapons
 + Level 16.8 Armour
 - Level 15.0 Dodging
 - Level 1.0 Stealth
 - Level 13.0 Invocations
 + Level 11.0 Evocations


You had 20 spell levels left.
You didn't know any spells.
Your spell library contained the following spells:

 Spells                   Type           Power      Damage    Failure   Level
 Foxfire                  Conj/Fire      0%         2x1d4     50%         1
 Necrotise                Necr           0%         1d4       50%         1
 Sandblast                Erth           0%         2d4       50%         1
 Slow                     Hex            0%         N/A       50%         1
 Blink                    Tloc           0%         N/A       63%         2
 Ensorcelled Hibernation  Hex/Ice        0%         N/A       63%         2
 Passwall                 Tmut/Erth      0%         N/A       63%         2
 Poisonous Vapours        Pois/Air       0%         N/A       63%         2
 Static Discharge         Conj/Air       0%         3-3/arc   63%         2
 Confusing Touch          Hex            0%         N/A       86%         3
 Conjure Flame            Conj/Fire      0%         6-21      86%         3
 Ignite Poison            Fire/Tmut/Pois 0%         N/A       86%         3
 Inner Flame              Hex/Fire       0%         N/A       86%         3
 Stone Arrow              Conj/Erth      0%         3d7       86%         3
 Swiftness                Air            0%         N/A       86%         3
 Vampiric Draining        Necr           0%         2d6       86%         3
 Anguish                  Hex/Necr       0%         N/A       99%         4
 Flame Wave               Conj/Fire      0%         2d4       99%         4
 Fulminant Prism          Conj/Hex       0%         3d6       99%         4
 Hailstorm                Conj/Ice       0%         3d3       99%         4
 Ice Form                 Ice/Tmut       0%         N/A       99%         4
 Iskenderun's Mystic Bla  Conj/Tloc      0%         2d3       99%         4
 Leda's Liquefaction      Hex/Erth       0%         N/A       99%         4
 Passage of Golubria      Tloc           0%         N/A       99%         4
 Sticky Flame             Conj/Fire      0%         2d3       99%         4
 Agony                    Necr           0%         N/A       100%        5
 Blade Hands              Tmut           0%         N/A       100%        5
 Lee's Rapid Deconstruct  Erth           0%         3d5*      100%        5
 Yara's Violent Unravell  Hex/Tmut       0%         3d3       100%        5
 Iron Shot                Conj/Erth      0%         9d1       100%        6
 Statue Form              Tmut/Erth      0%         N/A       100%        6
 Tukima's Dance           Hex            Unusable   N/A       N/A         3
 Animate Armour           Summ/Erth      Unusable   N/A       N/A         4
 Simulacrum               Ice/Necr       Unusable   N/A       N/A         6

Dungeon Overview and Level Annotations

Branches:
Dungeon (15/15)            Temple (1/1) D:7            Lair (5/5) D:9
 Shoals (4/4) Lair:3       Spider (4/4) Lair:2        Slime (5/5) Lair:4
    Orc (2/2) D:11            Elf (0/3) Orc:2        Vaults (0/5) D:14
 Depths (4/4) D:15            Zot (0/5) Depths:4    Ossuary (visited)

Altars:
Ashenzari
Cheibriados
Dithmenos
Elyvilon
Fedhas
Gozag
Hepliaklqana
Kikubaaqudgha
Makhleb
Nemelex Xobeh
Okawaru
Qazlal
Ru
Sif Muna
Trog
Uskayaw
Vehumet
Wu Jian
Xom
Yredelemnul
Zin
The Shining One
Jiyva

Shops:
D:11 [=   D:15 (   Orc:2 *(*=   Shoals:1 :   Shoals:4 **   Depths:2 !*
Depths:3 ?

Portals:
Hell: Depths:1 Depths:2 Depths:3 Depths:4
Abyss: Depths:3
Pandemonium: Orc:2 Depths:2 Depths:4
Ziggurat: Depths:1

Annotations:
D:14 2 transporters, ketamineguy's ghost, journeyman HOFi
Depths:2 2 runed translucent doors
Depths:3 3 runed translucent doors, exclusion: obsidian statue, Gemnonof's ghost, adept DgCj


Innate Abilities, Weirdness & Mutations

You have a pair of horns on your head.
You reflexively headbutt those who attack you in melee.
Your natural rate of healing is unusually fast.
You are weak. (Str -2)


Message History

You headbutt the azure jelly! The azure jelly hits you.
The azure jelly freezes you! You resist.
The azure jelly completely misses you. x2
The rockslime hits you!!
* * * LOW HITPOINT WARNING * * *
You hold your ground!
The quicksilver ooze hits you!
* * * LOW HITPOINT WARNING * * *
The quicksilver ooze engulfs you!
The quicksilver ooze completely misses you.
The azure jelly misses you. The azure jelly barely misses you.
The azure jelly misses you.
The azure jelly hits you but does no damage.
Unknown command.
Unknown command.
Unknown command.
You feel much better.
Your lungs strain for air!
The rockslime hits you but does no damage.
The rockslime hits you!!
* * * LOW HITPOINT WARNING * * *
You hold your ground!
The acid blob closely misses you. You furiously retaliate!
You headbutt the acid blob, but do no damage.
The quicksilver ooze closely misses you.
The quicksilver ooze hits you.
* * * LOW HITPOINT WARNING * * *
You feel your power leaking away. The rockslime hits you!!!
* * * LOW HITPOINT WARNING * * *
You hold your ground!
The azure jelly completely misses you.
The azure jelly hits you but does no damage. x2
The azure jelly misses you.
You cannot read scrolls while unable to breathe!
You feel much better.
* * * LOW HITPOINT WARNING * * *
Your lungs strain for air!
The azure jelly hits you but does no damage. x2
The azure jelly completely misses you. The azure jelly barely misses you.
The rockslime misses you. You furiously retaliate!
You headbutt the rockslime! The rockslime hits you!!
You die...

###########
#..p▓p▓p..# ##
▓▓▓▓▓▓▓▓▓ ##
#.▓ ....... ▓.#
#.▓.#.....#.▓.#
#p▓....JJJ..▓p#
#▓▓...JJJJJ.▓▓#
#p▓...J@JJJ.▓p#
#▓▓...JJJJ..▓▓#
#p▓....JJJ..▓p#
#.▓.#.....#.▓.#
#.▓ ....... ▓.#
## ▓▓▓▓.▓▓▓▓ ##
#..p▓∩▓p..#
###########


You could see 3 acid blobs, 4 azure jellies, 5 rockslimes and 7 quicksilver
oozes.

Vanquished Creatures
  the Royal Jelly (Arena)
  A dread lich (Depths:3)
  A juggernaut (Depths:4)
  Parghit (Depths:4)
  2 golden dragons (Depths:4)
  The ghost of Fetsak the Slayer, an adept MiBe of Trog (Depths:1)
  A Brimstone Fiend (Depths:1)
  Jorgrun (D:14)
  4 tentacled monstrosities
  2 walking crystal tomes
  2 walking earthen tomes
  5 liches
  Asterion (Depths:1)
  A walking divine tome (Depths:1)
  Rupert (D:15)
  2 quicksilver dragons
  A kraken (Shoals:4)
  6 acid blobs
  Frances (D:12)
  Gastronok (D:12)
  2 shadow dragons
  Kirke (D:15)
  5 storm dragons (Depths:4)
  An azure jelly (Slime:1)
  3 tengu reavers
  5 draconian monks (Depths:4)
  Donald (Orc:1)
  Ilsuiw (Shoals:3)
  6 emperor scorpions
  5 rockslimes
  4 iron dragons
  4 fire giants
  2 balrugs
  2 orc warlords
  A cacodemon (Depths:1)
  Louise (Spider:4)
  8 frost giants
  A draconian annihilator (Depths:4)
  8 ghost moths
  A draconian shifter (Depths:4)
  2 quicksilver oozes (Slime:5)
  3 broodmothers
  8 stone giants
  3 green draconians (Depths:4)
  11 very ugly things
  8 black draconians (Depths:4)
  3 white draconians (Depths:4)
  9 spark wasps
  7 entropy weavers
  11 purple draconians (Depths:4)
  7 red draconians (Depths:4)
  The ghost of croobank the Spry, a journeyman FeSu of Gozag (Spider:4)
  A green death (Depths:1)
  Snorg (Orc:2)
  4 ettins
  The ghost of fleeber the Eclecticist, a journeyman DECj of Vehumet (Lair:5)
  3 fire dragons
  5 merfolk impalers
  A merfolk javelineer (Shoals:4)
  A great orb of eyes (Slime:4)
  4 vault guards (D:14)
  5 ice dragons
  2 hydras
  2 rakshasas (Depths:2)
  A salamander tyrant (Depths:4)
  4 boulder beetles
  5 spriggan air magi
  Harold (D:9)
  A jorogumo (Spider:4)
  9 centaur warriors
  3 hell beasts (Depths:2)
  4 radroaches
  6 merfolk avatars
  6 two-headed ogres
  A demonspawn (Orc:2)
  An alligator snapping turtle (Shoals:3)
  3 death yaks
  An anaconda (shapeshifter) (Depths:3)
  3 catoblepae
  2 deep troll shamans (Depths:1)
  5 merfolk aquamancers
  5 satyrs
  A death knight (D:15)
  3 hell hogs (Depths:2)
  2 vampire magi (Depths:4)
  5 orc high priests (Orc:2)
  5 spriggan berserkers
  4 deep troll earth magi
  5 tengu warriors
  7 hell knights (Depths:3)
  4 soul eaters
  Sonja (Lair:3)
  6 sun demons
  A shadow wraith (Shoals:2)
  A sun moth (Spider:4)
  49 slime creatures
  11 pharaoh ants
  15 sea snakes
  A sixfirhy (Depths:2)
  A skeletal warrior (D:15)
  3 iron trolls
  Lodul (D:10)
  11 deep trolls
  3 death drakes (Depths:4)
  6 steelbarb worms
  2 flayed ghosts (Depths:1)
  17 orb spiders
  A glowing orange brain (Depths:3)
  3 deep elf pyromancers
  24 harpies
  6 orc knights
  A necromancer (Depths:3)
  24 wolf spiders
  31 ugly things
  24 fauns
  10 orc sorcerers
  2 shining eyes
  10 manticores
  8 merfolk sirens
  4 cyclopes
  4 salamanders (Depths:4)
  A moth of wrath (Spider:2)
  4 rust devils
  Maurice (Orc:2)
  An eye of devastation (Slime:2)
  6 water nymphs
  3 black mambas
  6 elephants
  2 smoke demons (Depths:2)
  5 torpor snails
  A molten gargoyle (Depths:4)
  2 orange demons
  A water nymph (shapeshifter) (Depths:3)
  16 cane toads
  A gargoyle (D:11)
  A kobold demonologist (D:9)
  2 hellions
  Maggie (D:9)
  9 demonic crawlers
  2 freezing wraiths
  4 komodo dragons
  3 ice devils
  2 red devils
  A tengu conjurer (Depths:4)
  2 rime drakes
  A hellwing (Depths:2)
  7 wind drakes
  A meliai (shapeshifter) (D:14)
  24 merfolk
  9 hornets
  A polar bear (Lair:1)
  8 trolls
  Grinder (D:6)
  38 tarantellas
  3 tyrant leeches (Lair:5)
  2 dream sheep (Lair:5)
  31 blink frogs
  A slime creature (shapeshifter) (Depths:4)
  10 snapping turtles
  26 jumping spiders
  A centaur simulacrum (D:15)
  Sigmund (D:4)
  21 water elementals
  A wyvern (shapeshifter) (D:14)
  A spriggan (Depths:1)
  5 wyverns
  26 yaks
  26 culicivoras
  2 shadows
  2 wraiths
  3 steam dragons
  5 humans (D:15)
  6 golden eyes
  A basilisk (Lair:3)
  A chaos spawn (Depths:4)
  A neqoxec (Depths:1)
  19 vampire mosquitoes
  4 wargs
  98 redbacks
  5 acid dragons
  14 water moccasins
  3 floating eyes
  3 sky beasts
  40 orc warriors
  14 ogres
  9 wolves
  16 centaurs
  A kobold brigand (D:11)
  20 bullfrogs
  2 gnoll sergeants
  5 scorpions
  A necrophage (D:4)
  3 water moccasin zombies (Ossuary)
  5 electric eels
  5 howler monkeys
  A jelly (D:7)
  3 hounds
  25 orc priests
  2 iguanas
  7 hell rats (Lair:2)
  19 orc wizards
  2 mummies (Ossuary)
  14 gnolls
  8 adders
  A shadow imp (D:6)
  3 white imps
  3 ufetubi
  7 adder zombies (Ossuary)
  2 worms (D:2)
  87 orcs
  6 ball pythons
  6 bats
  6 endoplasms
  5 giant cockroaches
  5 goblins
  12 hobgoblins
  4 jackals
  6 kobolds
  5 quokkas
  3 frilled lizards
  8 hobgoblin zombies (Ossuary)
  4 kobold zombies (Ossuary)
  5 orc zombies (Ossuary)
  4 rats
  A butterfly (Lair:3)
  A tentacle (Shoals:4)
1454 creatures vanquished.

Vanquished Creatures (others)
  A fire giant (Depths:1)
  An orc (Orc:2)
  A bush (Depths:3)
  37 fungi
  115 plants
  31 tentacles (Shoals:4)
  4 toadstools (D:2)
190 creatures vanquished.

Grand Total: 1644 creatures vanquished

Notes
Turn   | Place    | Note
-------+----------+-------------------------------------------
     0 | D:1      | safid the Minotaur Hunter began the quest for the Orb.
     0 | D:1      | Reached XP level 1. HP: 18/18 MP: 0/0
   118 | D:1      | Reached XP level 2. HP: 19/26 MP: 1/1
   483 | D:1      | Reached skill level 5 in Ranged Weapons
   483 | D:1      | Reached XP level 3. HP: 28/31 MP: 2/2
  1405 | D:2      | Reached XP level 4. HP: 40/40 MP: 3/3
  1699 | D:2      | Found a faded altar of an unknown god.
  2129 | D:3      | Reached XP level 5. HP: 47/47 MP: 4/4
  2573 | D:4      | Noticed a water moccasin
  2583 | D:4      | Killed a water moccasin
  2584 | D:4      | Reached skill level 5 in Fighting
  2923 | D:4      | Noticed an acid dragon
  2930 | D:4      | Reached XP level 6. HP: 31/57 MP: 5/5
  3141 | D:4      | HP: 1/57 [acid dragon (2)]
  3459 | D:5      | Entered Level 5 of the Dungeon
  3613 | D:5      | Noticed Sigmund
  3793 | D:4      | Killed Sigmund
  3794 | D:4      | Reached XP level 7. HP: 9/64 MP: 6/6
  5108 | D:6      | Reached XP level 8. HP: 74/74 MP: 7/7
  5469 | D:6      | Noticed Grinder
  5483 | D:6      | Killed Grinder
  5484 | D:6      | Reached skill level 10 in Ranged Weapons
  5530 | D:6      | Found a radiant altar of Vehumet.
  5724 | D:7      | Reached XP level 9. HP: 13/81 MP: 8/8
  5816 | D:7      | Found a sand-covered staircase.
  5820 | Ossuary  | Entered an ossuary
  6317 | D:7      | Found a staircase to the Ecumenical Temple.
  6324 | Temple   | Entered the Ecumenical Temple
  6566 | Temple   | Became a worshipper of Warmaster Okawaru
  7634 | D:8      | Reached * piety under Okawaru
  7810 | D:8      | Identified a scroll of acquirement
  7812 | D:8      | Acquired a manual of Fighting
  8221 | D:9      | Noticed Harold
  8257 | D:8      | Reached skill level 1 in Invocations
  8756 | D:9      | Noticed a kobold demonologist
  8775 | D:9      | Killed a kobold demonologist
  8819 | D:9      | Noticed Maggie
  8830 | D:9      | Killed Maggie
  8830 | D:9      | Reached ** piety under Okawaru
  8831 | D:9      | Reached XP level 10. HP: 91/91 MP: 10/10
  8850 | D:9      | Killed Harold
  8851 | D:9      | Reached skill level 10 in Fighting
  9233 | D:9      | Found a staircase to the Lair.
  9596 | D:9      | Noticed a two-headed ogre
  9606 | D:9      | Killed a two-headed ogre
  9688 | D:9      | Reached *** piety under Okawaru
  9832 | D:10     | Entered Level 10 of the Dungeon
  9923 | D:10     | Noticed a two-headed ogre
  9932 | D:10     | Killed a two-headed ogre
 10014 | D:10     | Reached skill level 5 in Invocations
 11125 | D:10     | Noticed a two-headed ogre
 11141 | D:10     | Killed a two-headed ogre
 11141 | D:10     | Reached **** piety under Okawaru
 11142 | D:10     | Reached skill level 15 in Ranged Weapons
 11142 | D:10     | Reached XP level 11. HP: 34/106 MP: 14/14
 11586 | D:10     | Noticed Lodul
 12050 | D:10     | Killed Lodul
 12162 | Lair:1   | Entered Level 1 of the Lair of Beasts
 12734 | Lair:1   | Reached ***** piety under Okawaru
 12918 | Lair:1   | You fall into a shaft and drop 1 floor!
 13335 | Lair:1   | Received a gift from Okawaru
 13811 | Lair:2   | Identified the +9 crystal plate armour "Muppueh" {Fly rN+
                  | Dex-4 Stlth+} (Okawaru gifted it to you on level 2 of the
                  | Lair of Beasts)
 13811 | Lair:2   | Received a gift from Okawaru
 14277 | Lair:2   | Found a hole to the Spider Nest.
 14277 | Lair:2   | Noticed an orb spider
 14284 | Lair:2   | Killed an orb spider
 14515 | Lair:2   | Reached XP level 12. HP: 96/117 MP: 18/18
 14546 | Lair:2   | Noticed a catoblepas
 14570 | Lair:2   | Killed a catoblepas
 14770 | Lair:3   | Reached skill level 10 in Invocations
 15045 | Lair:3   | Found a staircase to the Shoals.
 15056 | Lair:3   | Noticed Sonja
 15065 | Lair:3   | Killed Sonja
 15066 | Lair:3   | Reached skill level 15 in Fighting
 15116 | Lair:3   | Noticed a death yak
 15147 | Lair:3   | Killed a death yak
 15319 | Lair:3   | Identified the +0 robe "Naotzut" {rCorr}
 15331 | Lair:3   | Noticed a death yak
 15332 | Lair:3   | Noticed a death yak
 15392 | Lair:2   | Killed a death yak
 15393 | Lair:2   | Reached skill level 1 in Armour
 15498 | Lair:3   | Killed a death yak
 15723 | Lair:3   | Noticed an eight-headed hydra
 15733 | Lair:3   | Killed an eight-headed hydra
 16053 | Lair:4   | Identified the +1 chain mail of the Merchant {Dex+4}
 16062 | Lair:4   | Found a viscous altar of Jiyva.
 16063 | Lair:4   | Found a staircase to the Slime Pits.
 16181 | Lair:4   | Noticed a catoblepas
 16211 | Lair:4   | Killed a catoblepas
 16484 | Lair:4   | Reached skill level 5 in Dodging
 16542 | Lair:4   | Reached skill level 5 in Armour
 17043 | Lair:5   | Entered Level 5 of the Lair of Beasts
 17043 | Lair:5   | Noticed a death yak
 17043 | Lair:5   | Noticed a death yak
 17043 | Lair:5   | Noticed a death yak
 17043 | Lair:5   | Noticed a catoblepas
 17225 | Lair:5   | Identified the +4 triple crossbow of Wijesegh {speed, Drain
                  | rElec rCorr} (Okawaru gifted it to you on level 5 of the
                  | Lair of Beasts)
 17225 | Lair:5   | Received a gift from Okawaru
 17326 | Lair:4   | Reached XP level 13. HP: 55/128 MP: 20/20
 17685 | Lair:5   | Reached ****** piety under Okawaru
 18497 | Lair:5   | Identified the +1 pair of boots of Caeter {+Inv rC- rN+}
                  | (Okawaru gifted it to you on level 5 of the Lair of Beasts)
 18497 | Lair:5   | Received a gift from Okawaru
 18650 | Lair:5   | Found a runed translucent door.
 18669 | Lair:5   | Reached skill level 1 in Evocations
 18757 | Lair:5   | Found the dreamshard necklace {*Dream Drain}
 18772 | Lair:5   | Identified the +3 halberd "Motul" {pain, Will+}
 18841 | Lair:5   | Noticed fleeber's ghost (journeyman DECj)
 19057 | Lair:5   | Killed fleeber's ghost
 19742 | D:11     | Found a staircase to the Orcish Mines.
 19750 | D:11     | Found Coofetosm's Armour Shoppe.
 19848 | D:11     | Found Ykhlayl's Jewellery Emporium.
 20258 | Orc:1    | Entered Level 1 of the Orcish Mines
 20274 | Orc:1    | Received a gift from Okawaru
 20290 | Orc:1    | Noticed an orc warlord
 20291 | Orc:1    | Reached XP level 14. HP: 141/141 MP: 22/22
 20310 | Orc:1    | Killed an orc warlord
 20310 | Orc:1    | Received a gift from Okawaru
 20519 | Orc:2    | Entered Level 2 of the Orcish Mines
 20519 | Orc:2    | Noticed Donald
 20530 | Orc:1    | Killed Donald
 20572 | Orc:2    | Noticed Maurice
 20581 | Orc:2    | Killed Maurice
 20840 | Orc:2    | Found Habbokhulue's General Store.
 20852 | Orc:2    | Found Ojomeuca's General Store.
 20865 | Orc:2    | Noticed Snorg
 20868 | Orc:2    | Killed Snorg
 20884 | Orc:2    | Bought a potion of resistance for 160 gold pieces
 20884 | Orc:2    | Bought a potion of curing for 48 gold pieces
 20884 | Orc:2    | Bought a potion of heal wounds for 80 gold pieces
 20920 | Orc:2    | Paralysed by an orc sorcerer for 5 turns
 20923 | Orc:2    | Noticed an orc warlord
 20946 | Orc:2    | Killed an orc warlord
 21247 | Orc:2    | Found Yxemicee's Jewellery Shoppe.
 21247 | Orc:2    | Found Vaapsy's Antique Weapon Emporium.
 21252 | Orc:2    | Found a one-way gate leading to the halls of Pandemonium.
 21313 | Orc:2    | Found a staircase to the Elven Halls.
 21376 | Orc:2    | Bought a scroll of teleportation for 48 gold pieces
 21376 | Orc:2    | Bought a potion of haste for 160 gold pieces
 21376 | Orc:2    | Bought a scroll of magic mapping for 120 gold pieces
 21376 | Orc:2    | Bought a scroll of identify for 32 gold pieces
 21378 | Orc:2    | Bought a scroll of identify for 32 gold pieces
 21484 | Orc:1    | Identified the +1 ring mail of Xorois {rF+} (Okawaru gifted
                  | it to you on level 1 of the Orcish Mines)
 21484 | Orc:1    | Received a gift from Okawaru
 21667 | D:11     | Bought the ring of Gurodotru {*Slow rC+++ rN+ rCorr Dex+4}
                  | for 1126 gold pieces
 22236 | D:12     | Noticed Frances
 22255 | D:12     | Killed Frances
 22294 | D:12     | Found a shimmering blue altar of Sif Muna.
 22346 | D:12     | Noticed Gastronok
 22353 | D:12     | Killed Gastronok
 23320 | D:14     | Reached XP level 15. HP: 156/156 MP: 17/23
 23371 | D:14     | Noticed a storm dragon
 23372 | D:14     | Noticed ketamineguy's ghost (journeyman HOFi)
 23552 | D:14     | Found a transporter.
 23566 | D:14     | Found a transporter.
 24091 | D:14     | Found a gate to the Vaults.
 24096 | D:14     | Identified the +8 crystal plate armour of Guqak {+Inv rC+
                  | Will+} (Okawaru gifted it to you on level 14 of the
                  | Dungeon)
 24096 | D:14     | Received a gift from Okawaru
 24312 | D:14     | Noticed Jorgrun
 24319 | D:14     | Killed Jorgrun
 24497 | D:15     | Entered Level 15 of the Dungeon
 24520 | D:15     | Noticed Rupert
 24529 | D:15     | Killed Rupert
 24615 | D:15     | Found Unemunnu's Weapon Boutique.
 24688 | D:15     | Noticed Kirke
 24692 | D:15     | Killed Kirke
 24774 | D:15     | Found the +1 robe of Vines {NoPotionHeal Regen++++}
 24796 | D:15     | Identified the +9 long sword "Okal" {freeze, rPois rCorr
                  | Str-4 Stlth+}
 24897 | D:15     | Found a staircase to the Depths.
 25526 | Shoals:1 | Entered Level 1 of the Shoals
 25607 | Shoals:1 | Found Luappare's Self-Improvement Boutique.
 26045 | Shoals:2 | Received a gift from Okawaru
 26064 | Shoals:2 | Reached XP level 16. HP: 172/172 MP: 24/24
 26080 | Shoals:2 | Found a flickering gateway to a bazaar.
 26090 | Bazaar   | Entered a bazaar
 26090 | Bazaar   | Found Oqisif's Antique Armour Boutique.
 26090 | Bazaar   | Found Qeweqore's Weapon Shoppe.
 26095 | Bazaar   | Found Zoanoga's Distillery.
 26112 | Bazaar   | Found Ejiufefe's Assorted Antiques.
 26121 | Bazaar   | Bought a scroll of blinking for 210 gold pieces
 26148 | Bazaar   | Found Ruducoqo's Magic Scroll Shoppe.
 26158 | Bazaar   | Bought a scroll of blinking for 90 gold pieces
 26158 | Bazaar   | Bought a scroll of fear for 48 gold pieces
 26185 | Bazaar   | Bought 2 potions of heal wounds for 110 gold pieces
 26185 | Bazaar   | Bought a potion of heal wounds for 55 gold pieces
 26185 | Bazaar   | Bought a potion of haste for 110 gold pieces
 26200 | Bazaar   | Bought a potion of heal wounds for 140 gold pieces
 26826 | Shoals:2 | Found the +7 captain's cutlass {speed, disarm}
 26948 | Shoals:3 | Received a gift from Okawaru
 26982 | Shoals:3 | Noticed Ilsuiw
 27001 | Shoals:3 | Reached skill level 5 in Evocations
 27057 | Shoals:3 | Killed Ilsuiw
 27376 | Shoals:3 | Found an opulent altar of Gozag.
 27566 | Shoals:4 | Entered Level 4 of the Shoals
 27573 | Shoals:4 | Found Dithiela's General Store.
 27616 | Shoals:4 | Found Soxkug's Mayhem Merchandise.
 27896 | Shoals:4 | Identified the amulet "Gaynkam" {Acrobat rPois rF+ rN+}
 28072 | Shoals:4 | Noticed a kraken
 28244 | Shoals:4 | Killed a kraken
 28244 | Shoals:4 | Identified the +1 pair of gloves of Tenacity {Str+4 Int+2
                  | Dex-5} (Okawaru gifted it to you on level 4 of the Shoals)
 28244 | Shoals:4 | Received a gift from Okawaru
 28290 | Shoals:4 | Got the Book of the Oath
 28340 | Shoals:4 | Reached XP level 17. HP: 130/183 MP: 25/25
 28428 | Shoals:4 | Got a barnacled rune of Zot
 28599 | Shoals:4 | Reached skill level 10 in Armour
 28655 | Shoals:4 | Identified the ring "Borykkob" {Dex+6 SInv}
 28877 | Spider:1 | Entered Level 1 of the Spider Nest
 28892 | Spider:1 | Identified the +0 kite shield "Zerais" {Fly Str+9 Int+5
                  | Dex-2}
 29067 | Spider:1 | Reached skill level 10 in Dodging
 29817 | Spider:2 | Received a gift from Okawaru
 29855 | Spider:2 | Identified the +0 falchion of Spores {antimagic, rC+ Int+5}
 30019 | Spider:2 | Identified the +10 sling "Mecamiho" {vorpal, Dex+3}
                  | (Okawaru gifted it to you on level 2 of the Spider Nest)
 30019 | Spider:2 | Received a gift from Okawaru
 30830 | Spider:3 | Reached XP level 18. HP: 194/194 MP: 26/26
 30925 | Spider:3 | Received a gift from Okawaru
 31732 | Spider:4 | Entered Level 4 of the Spider Nest
 31876 | Spider:4 | Noticed Louise
 32162 | Spider:4 | Killed Louise
 32616 | Spider:4 | Identified the +4 shortbow "Ruzxa" {venom, rElec rPois rC-}
                  | (Okawaru gifted it to you on level 4 of the Spider Nest)
 32616 | Spider:4 | Received a gift from Okawaru
 32716 | Spider:4 | Identified the -1 pair of boots of the Gastropod {Fly}
 32743 | Spider:4 | Got a gossamer rune of Zot
 33006 | Spider:4 | Found a runed translucent door.
 33006 | Spider:4 | Noticed croobank's ghost (journeyman FeSu)
 33222 | Spider:4 | Killed croobank's ghost
 33224 | Spider:4 | Identified the +7 dagger of Supply {pain, rF+}
 33569 | Depths:1 | Entered Level 1 of the Depths
 33592 | Depths:1 | Found a one-way gateway to a ziggurat.
 33775 | Depths:1 | Noticed a walking crystal tome
 33779 | Depths:1 | Killed a walking crystal tome
 33813 | Depths:1 | Identified the amulet of Wonder {Spirit +Inv rN++ Stlth+}
 33900 | Depths:1 | Reached XP level 19. HP: 205/205 MP: 27/27
 33916 | Depths:1 | Identified the +0 buckler of Vaumor {rCorr MP+9 Int+2}
                  | (Okawaru gifted it to you on level 1 of the Depths)
 33916 | Depths:1 | Received a gift from Okawaru
 33931 | Depths:1 | Found a runed translucent gate.
 33932 | Depths:1 | Found a runed translucent gate.
 33932 | Depths:1 | Noticed Fetsak's ghost (adept MiBe)
 33933 | Depths:1 | Found a runed translucent gate.
 33934 | Depths:1 | Noticed a Brimstone Fiend
 33941 | Depths:1 | Found a shimmering altar of Xom.
 33951 | Depths:1 | Gained mutation: You are dopey. (Int -2) [a neqoxec]
 33953 | Depths:1 | Gained mutation: You do not regenerate when monsters are
                  | visible. [a neqoxec]
 33955 | Depths:1 | Killed a Brimstone Fiend
 34294 | Depths:1 | Killed Fetsak's ghost
 34328 | Depths:1 | Identified the +9 battleaxe of Propriety {vorpal, rF+ Dex+3
                  | Stlth+}
 34404 | Depths:1 | Found a gateway to Hell.
 34845 | Shoals:1 | Bought a manual of Ranged Weapons for 1440 gold pieces
 35184 | Depths:1 | Identified the +9 dagger of Vesynar {venom, rF+ Int+3
                  | Stlth+}
 35186 | Depths:1 | Noticed Asterion
 35196 | Depths:1 | Killed Asterion
 35574 | Depths:2 | Reached skill level 27 in Fighting
 35864 | Depths:2 | Found Zinoed's Assorted Antiques.
 35982 | Depths:2 | Identified the +0 pair of boots of Puhyacva {-Tele rF+
                  | Str+4 Dex+4} (Okawaru gifted it to you on level 2 of the
                  | Depths)
 35982 | Depths:2 | Received a gift from Okawaru
 36174 | Depths:2 | Identified the +4 demon blade of a bazaar {pain, rF- Will+
                  | Str+4 Dex+2}
 36366 | Depths:2 | Found Bobog's Distillery.
 36547 | Depths:2 | Found a runed translucent door.
 36722 | Depths:2 | Found a runed translucent door.
 36723 | Depths:2 | Noticed a caustic shrike
 36747 | Depths:3 | Found Tyleeck's Magic Scroll Emporium.
 36785 | Depths:3 | Found a runed translucent gate.
 36785 | Depths:3 | Found a runed translucent gate.
 36785 | Depths:3 | Found a runed translucent gate.
 36811 | Depths:3 | Identified the +1 robe of Hior {rPois SInv}
 36828 | Depths:3 | Found an opulent altar of Gozag.
 36830 | Depths:3 | Noticed Gemnonof's ghost (adept DgCj)
 37024 | Depths:3 | Identified the +3 ring mail of the Zebra {-Cast rElec Dex+2
                  | SInv}
 37028 | Depths:3 | Found a one-way gate to the infinite horrors of the Abyss.
 37072 | Depths:3 | Reached XP level 20. HP: 198/216 MP: 28/28
 37075 | Depths:3 | Lost mutation: You do not regenerate when monsters are
                  | visible. [potion of mutation]
 37075 | Depths:3 | Lost mutation: You are dopey. (Int -2) [potion of mutation]
 37075 | Depths:3 | Gained mutation: Your natural rate of healing is unusually
                  | fast. [potion of mutation]
 37134 | Depths:3 | Noticed a dread lich
 37140 | Depths:3 | Paralysed by a dread lich for 5 turns
 37242 | Depths:3 | Found a white marble altar of Elyvilon.
 37320 | Depths:3 | Killed a dread lich
 37320 | Depths:3 | Received a gift from Okawaru
 37383 | Depths:3 | Found the +5 scythe "Finisher" {speed, eviscerate}
 37389 | Depths:3 | Got Sif Muna's Easy Casting
 37390 | Depths:3 | Identified the amulet "Gaopiduz" {Rampage rF+ Regen+ Int-3}
 37687 | Depths:4 | Entered Level 4 of the Depths
 37704 | Depths:4 | Noticed Parghit
 37720 | Depths:4 | Killed Parghit
 37795 | Depths:4 | Noticed a juggernaut
 37816 | Depths:4 | Killed a juggernaut
 37938 | Depths:4 | Reached skill level 27 in Ranged Weapons
 37963 | Depths:4 | Received a gift from Okawaru
 38321 | Depths:4 | Noticed a golden dragon
 38329 | Depths:4 | Killed a golden dragon
 38329 | Depths:4 | Identified the +0 robe of Mumeull {Fly Str+2} (Okawaru
                  | gifted it to you on level 4 of the Depths)
 38329 | Depths:4 | Received a gift from Okawaru
 38430 | Depths:4 | Found a gate to the Realm of Zot.
 38635 | Depths:4 | Reached skill level 15 in Armour
 38658 | Depths:4 | Noticed a golden dragon
 38663 | Depths:4 | Killed a golden dragon
 38737 | Depths:4 | Identified the +2 pair of gloves of a Labyrinth {rC++}
 38783 | Depths:4 | Reached skill level 15 in Dodging
 38837 | Depths:4 | Reached XP level 21. HP: 224/224 MP: 29/29
 39268 | Slime:1  | Entered Level 1 of the Pits of Slime
 39298 | Slime:1  | Reached skill level 10 in Evocations
 40154 | Slime:3  | Reached skill level 1 in Stealth
 40324 | Slime:4  | Gained mutation: You are weak. (Str -2) [a shining eye]
 40331 | Slime:4  | Identified the +8 rapier of the Gloaming {pain, Int+3}
                  | (Okawaru gifted it to you on level 4 of the Pits of Slime)
 40331 | Slime:4  | Received a gift from Okawaru
 40450 | Slime:5  | Entered Level 5 of the Pits of Slime
 40490 | Slime:5  | Noticed the Royal Jelly
 40495 | Arena    | Entered the Arena
 40501 | Arena    | Killed the Royal Jelly
 40505 | Arena    | HP: 2/224 [rockslime[the Royal Jelly] (37)]
 40506 | Arena    | Mangled by a rockslime

Illustrated notes

Levels and vault maps discovered:
D:1:      psy_arrival_radial02, layout_loops_ring, minmay_split_cup_large
D:2:      layout_rooms, ebering_ecumenical_altar_webs, minmay_gold_behind_fungi,
          hangedman_decor_points, minivault_19
D:3:      layout_basic
D:4:      layout_gridville, minmay_door_square, skrybe_limestone_x,
          minmay_manual_macuahuitl
D:5:      layout_loops_ring, uniq_sigmund
D:6:      layout_cave_pools, vehumet_crystals, st_stairs_5, uniq_grinder
D:7:      layout_rooms, minmay_temple_entry_slanted, enter_ossuary_5
D:8:      layout_gridville, hangedman_decor_diamond_cutter
D:9:      layout_basic, grunt_lair_entry_orc_guard_hut, nicolae_two_hexagons,
          uniq_maggie, uniq_harold
D:10:     layout_stronghold, chequers_jeans, uniq_lodul
D:11:     layout_roguey [special_room_orc], orc_david_3, serial_shops,
          shop_statue
D:12:     layout_irregular_city, led_sif_pool, uniq_gastronok, uniq_frances
D:13:     layout_basic, nicolae_elevator_lobby_asterisk
D:14:     layout_basic, lightli_vaults_fourway_checkpoint, serial_rivers,
          chequers_serial_rivers_micro_e, chequers_serial_rivers_micro_b,
          chequers_serial_rivers_large_b, chequers_serial_rivers_micro_e,
          chequers_serial_rivers_micro_c, gammafunk_ghost_arena, uniq_jorgrun
D:15:     grunt_enter_depths_snipers, layout_rooms, serial_shops,
          nicolae_shop_bloodbath_and_beyond, dk_noncrumbling_4, uniq_kirke,
          uniq_rupert
Temple:   mainiacjoe_temple_hex_bubbles
Lair:1:   layout_chaotic_city
Lair:2:   layout_loops_ring, nicolae_spider_entry_orb_guardian,
          hibernation_bobbens, grunt_megastairs_5
Lair:3:   layout_roguey, elwin_shoals_entry_rocks, minivault_19,
          lemuel_fruit_tree, lemuel_fruit_fields, uniq_sonja
Lair:4:   layout_cave_pods, slime_entry_1, cheibrodos_lair_reptile_den
Lair:5:   minmay_lair_end_frog_pond, layout_regular_city,
          ebering_ghost_reflecting_pool, nzn_sisyphean_effort
Shoals:1: layout_shoals, nicolae_shop_self_help
Shoals:2: layout_shoals, serial_shops, freezing_bzr,
          nicolae_shoals_hidden_pirate_stash
Shoals:3: layout_shoals, lemuel_centaur_altar, uniq_ilsuiw
Shoals:4: shoals_end_hangedman, layout_shoals, serial_shops,
          nicolae_square_shop, minmay_shop_mayhem
Spider:1: nicolae_spider_mines_2, nicolae_spider_eight_legs
Spider:2: nicolae_spider_corner
Spider:3: layout_spider_delve, spiders_nest_ghost_moth_duel
Spider:4: spider_rune_water, gammafunk_ghost_grave, nicolae_orb_stairs,
          uniq_louise
Slime:1:  layout_caves
Slime:2:  layout_caves
Slime:3:  layout_caves
Slime:4:  layout_caves
Slime:5
Orc:1:    layout_caves, statue_in_the_mist_lemuel
Orc:2:    pf_orc_diabolical, layout_caves, basic_altar, uniq_donald, uniq_snorg,
          uniq_maurice
Depths:1: minmay_textured_paths, layout_basic, enter_ziggurat_f,
          grunt_hell_entry_dis_mu, biasface_ghost_demon_polymorph,
          xom_teletrap_fun, uniq_asterion
Depths:2: minmay_expanding_circles, layout_cave_shapes, hellmouth_2,
          serial_shops, kennysheep_mini_moat, serial_bayou_pond_c,
          grunt_pan_entry_sceptre, minmay_misc_feat_tower, minmay_shop_star
Depths:3: minmay_broken_ring, layout_cross, ebering_ghost_gozag,
          infiniplex_staircase_pool_2, hell_entry, abyss_entry, serial_shops,
          shop, nicolae_elyvilon_peaceful_grove
Depths:4: lemuel_castle_with_subvaults [lemuel_castle_interior_original],
          layout_cave_pools, hell_entry, rand_demon_pan_entry_7,
          serial_bayou_shore_a, uniq_parghit
Arena

Skill      XL: |  1  2  3  4  5  6  7  8  9 10 11 12 13 14 15 16 17 18 19 20 21 |
---------------+----------------------------------------------------------------+-----
Fighting       | 3 4 5 6 8 9 12 14 16 17 20 23 24 25 26 27 | 27.0
Ranged Weapons | 5 6 7 8 11 14 15 16 17 19 21 22 23 26 27 | 27.0
Invocations    | 2 5 9 11 12 13 | 13.0
Armour         | 5 8 9 12 13 15 16 | 16.8
Dodging        | 5 8 9 12 13 15 | 15.0
Evocations     | 2 6 8 9 11 | 11.0
Stealth        | 1 |  1.0

Action                   |  1- 3 |  4- 6 |  7- 9 | 10-12 | 13-15 | 16-18 | 19-21 || total
-------------------------+-------+-------+-------+-------+-------+-------+-------++-------
Melee: Shortbow          |       |       |     1 |       |       |       |       ||     1
       Triple crossbow   |       |       |       |       |       |     1 |       ||     1
       Headbutt          |       |       |       |       |       |     1 |       ||     1
 Fire: Shortbow          |   130 |   114 |   402 |   873 |   369 |       |       ||  1888
       Triple crossbow   |       |       |       |       |   872 |  1405 |   917 ||  3194
Invok: Heroism           |       |       |     1 |     5 |       |       |       ||     6
       Finesse           |       |       |       |     5 |    14 |     1 |     5 ||    25
       Duel              |       |       |       |       |       |       |     1 ||     1
  Use: Scroll            |       |     2 |    14 |     5 |    18 |     1 |    19 ||    59
       Potion            |       |     2 |     1 |       |       |     2 |    16 ||    21
Armor: Leather armour    |    12 |    14 |    53 |    96 |    57 |       |       ||   232
       Skin              |       |       |     3 |       |       |       |       ||     3
       Troll leather arm |       |       |       |       |   125 |   212 |   101 ||   438
Dodge: Dodged            |    30 |    27 |   129 |   228 |   342 |   500 |   418 ||  1674
Block: Other             |       |       |    42 |    37 |       |       |       ||    79
       Reflection        |       |       |     3 |     2 |       |       |       ||     5
